 Dungeon Crawl Stone Soup version 0.27.1-3-gb3d3a73c9e (webtiles) character file.

Game seed: 11768326758223041972

99 scsoc the Insei (level 4, 0/35 HPs)
             Began as a Draconian Transmuter on Oct 31, 2021.
             Was a Believer of Jiyva.
             Killed from afar by an orc wizard (5 damage)
             ... with a magic dart
             ... on level 3 of the Dungeon.
             The game lasted 00:07:40 (2049 turns).

scsoc the Insei (Draconian Transmuter)              Turns: 2049, Time: 00:07:40

Health: 0/35       AC:  5    Str: 12    XL:     4   Next: 45%
Magic:  7/8        EV: 12    Int: 14    God:    Jiyva [**....]
Gold:   111        SH:  0    Dex: 12    Spells: 2/8 levels left

rFire    . . .     SeeInvis .     - Unarmed
rCold    . . .     Faith    .   (no shield)
rNeg     . . .     Spirit   .   (armour unavailable)
rPois    .         Reflect  .   (helmet restricted)
rElec    .         Harm     .   (no cloak)
rCorr    .         Rampage  .   (no gloves)
Will     .....                  (no boots)
Stlth    +.........             (no amulet)
HPRegen  0.11/turn              (no ring)
MPRegen  0.11/turn              (no ring)

@: wereblooded (expiring)
A: AC +5, unfitting armour, cold-blooded
a: Renounce Religion, Request Jelly


You were on level 3 of the Dungeon.
You worshipped Jiyva.
Jiyva was pleased with you.
You visited 1 branch of the dungeon, and saw 3 of its levels.

You collected 111 gold pieces.

Inventory:

Scrolls
 a - 2 scrolls of identify
Potions
 c - a potion of haste


   Skills:
 + Level 1.1 Fighting
 + Level 1.8 Dodging
 + Level 0.3 Stealth
 + Level 4.0 Unarmed Combat
 + Level 2.8 Spellcasting
 + Level 3.0 Transmutations


You had 2 spell levels left.
You knew the following spells:

 Your Spells              Type           Power      Damage    Failure   Level
a - Beastly Appendage     Tmut           20%        N/A       6%          1
b - Wereblood             Tmut           10%        N/A       10%         2
c - Spider Form           Tmut/Pois      3%         N/A       34%         3

Your spell library contained the following spells:

 Spells                   Type           Power      Damage    Failure   Level
 Ice Form                 Ice/Tmut       6%         N/A       75%         4
 Olgreb's Toxic Radiance  Pois           1%         N/A       91%         4
 Ozocubu's Refrigeration  Ice            0%         4d5       100%        7
 Ignition                 Fire           0%         3d3       100%        8


Dungeon Overview and Level Annotations

Branches:
Dungeon (3/15)

Altars:
Jiyva


Innate Abilities, Weirdness & Mutations

Your plain brown scales are hard. (AC +5)
You cannot fit into any form of body armour.
You are cold-blooded and may be slowed by cold attacks.


Message History

The jackal bites you but does no damage.
Something hits you but does no damage.
The orc wizard gestures wildly while chanting.
The orc wizard flickers and vanishes!
You hit the orc but do no damage. You headbutt the orc.
You feel a bit better.
You kill the orc!
The jackal misses you.
You punch the jackal!
You feel a bit better.
You kill the jackal!
You howl as the wereblood boils in your veins!
You hear a distant slurping noise.
Something hits you.
You barely miss the orc. You claw the orc. You tail-slap the orc.
You feel a bit better.
You kill the orc!
Your horns disappear.
Your talons disappear.
You hear some strange, mumbled words.
A puff of flame appears from out of thin air!
The puff of flame hits you!
You closely miss something. You tail-slap something. Something hits you.
You miss something. Something hits you.
You hear a distant slurping noise.
The orc wizard casts a spell at you.
The puff of flame hits something!
You miss something.
Your primal bloodlust is almost over.
Something hits you. Something hits you but does no damage.
You punch something!
You hear some strange, mumbled words.
A puff of flame appears from out of thin air!
The puff of flame hits you.
You hear some strange, mumbled words.
A magic dart appears from out of thin air!
The magic dart hits you.
* * * LOW HITPOINT WARNING * * *
You hit something.
You hear some strange, mumbled words.
A magic dart appears from out of thin air!
The magic dart hits you.
You die...

# .. ..
###.##### ##
.......o# ..
......{{#.♣..♣.
###.###@)..≈≈..
#.†..≈≈..
###.♣..♣.
...... ### #


You could see an orc wizard.

Vanquished Creatures
  An orc wizard (D:2)
  An adder (D:2)
  A worm (D:2)
  5 orcs
  3 endoplasms (D:1)
  4 giant cockroaches
  4 goblins (D:1)
  7 hobgoblins
  7 jackals
  4 kobolds
  3 quokkas (D:1)
  3 ball pythons (D:1)
  2 bats
  A frilled lizard (D:2)
  2 rats (D:2)
48 creatures vanquished.

Vanquished Creatures (others)
  3 jackals (D:3)
  2 bats
5 creatures vanquished.

Grand Total: 53 creatures vanquished

Notes
Turn   | Place    | Note
-------+----------+-------------------------------------------
     0 | D:1      | scsoc the Draconian Transmuter began the quest for the Orb.
     0 | D:1      | Reached XP level 1. HP: 16/16 MP: 3/3
   542 | D:1      | Reached XP level 2. HP: 20/23 MP: 3/5
   839 | D:1      | Found a faded altar of an unknown god.
   887 | D:1      | Became a worshipper of Jiyva Jicaos the Shapeless
   887 | D:1      | Reached * piety under Jiyva
   946 | D:1      | Reached XP level 3. HP: 27/28 MP: 4/6
  1518 | D:2      | Learned a level 2 spell: Wereblood
  1530 | D:2      | Reached XP level 4. HP: 35/35 MP: 4/7
  1708 | D:2      | Reached ** piety under Jiyva
  1806 | D:2      | Learned a level 3 spell: Spider Form
  1963 | D:2      | Reached skill level 4 in Unarmed Combat
  2049 | D:3      | Killed from afar by an orc wizard

Illustrated notes

Levels and vault maps discovered:
D:1:      ebering_trefoil_3fold, layout_basic,
          ebering_ecumenical_altar_sacrificial
D:2:      layout_basic
D:3:      layout_basic, serial_shops, nicolae_diamond_shop,
          kennysheep_generic_room_15

Skill      XL: |  1  2  3  4 |
---------------+-------------+-----
Transmutations | 3 |  3.0
Unarmed Combat | 4 |  4.0
Fighting       | |  1.1
Dodging        | |  1.8
Stealth        | |  0.3
Spellcasting   | |  2.8

Action                   |  1- 3 |  4- 6 || total
-------------------------+-------+-------++-------
Melee: Unarmed           |    95 |    46 ||   141
       Headbutt          |    15 |     3 ||    18
       Tailslap          |     6 |     4 ||    10
       Kick              |    24 |     3 ||    27
       Punch             |     2 |       ||     2
 Cast: Beastly Appendage |    20 |     4 ||    24
       Wereblood         |     1 |     1 ||     2
  Use: Scroll            |     1 |       ||     1
       Potion            |     1 |       ||     1
Armor: Skin              |    20 |    23 ||    43
Dodge: Dodged            |    49 |    31 ||    80
